 Dungeon Crawl Stone Soup version 0.21.0-3-g78d12a8 (webtiles) character file.

12808 omnomnOMINOUS the Thaumaturge (level 11, -10/84 HPs)
             Began as a Gnoll Wanderer on Jan 10, 2018.
             Was an Elder of Vehumet.
             Mangled by an ettin
             ... wielding a cursed -2 dire flail
              (40 damage)
             ... on level 1 of the Orcish Mines.
             The game lasted 00:51:58 (15192 turns).

omnomnOMINOUS the Thaumaturge (Gnoll Wanderer)     Turns: 15192, Time: 00:51:59

Health: -10/84     AC: 14    Str: 18    XL:     11   Next: 99%
Magic:  18/23      EV: 13    Int: 29    God:    Vehumet [****..]
Gold:   371        SH:  0    Dex: 13    Spells: 9/26 levels left

rFire    + . .     SeeInvis .   a - +6 morningstar "Qooc" {crush, rElec Int+3}
rCold    . . .     Gourm    .   (no shield)
rNeg     . . .     Faith    .   y - +1 scale mail {rF+}
rPois    .         Spirit   .   S - +1 helmet {Int+3}
rElec    +         Reflect  .   (no cloak)
rCorr    .         Harm     .   N - +2 pair of gloves {Str+3}
MR       .....                  (no boots)
Stlth    ++........             (no amulet)
HPRegen  0.24/turn              t - ring of wizardry
MPRegen  0.18/turn              Q - +4 ring of intelligence

@: no status effects
A: distributed training, fangs 1, strong nose
a: Renounce Religion


You were on level 1 of the Orcish Mines.
You worshipped Vehumet.
Vehumet was greatly pleased with you.
You were not hungry.

You visited 3 branches of the dungeon, and saw 13 of its levels.

You collected 727 gold pieces.
You spent 356 gold pieces at shops.

Inventory:

Hand Weapons
 a - the +6 morningstar "Qooc" (weapon) {crush, rElec Int+3}
   (You found it on level 6 of the Dungeon)

   It inflicts extra damage upon your enemies.
   It affects your intelligence (+3).
   It insulates you from electricity.
 b - a +1 whip of venom
 c - the +2 great sword of the Jolly Dances {flame, MR+ Str+3}
   (You bought it in a shop on level 9 of the Dungeon)

   It has been specially enchanted to burn those struck by it, causing extra
   injury to most foes and up to half again as much damage against particularly
   susceptible opponents.
   Big, fiery blades are also staple armaments of hydra-hunters.
   It affects your strength (+3).
   It affects your resistance to hostile enchantments.
 d - a +5 spear of freezing
Missiles
 h - 3 javelins (quivered)
 R - a throwing net
Armour
 q - a +0 buckler
 y - a +1 scale mail of fire resistance (worn)
 N - a +2 pair of gloves of strength (worn)
 S - a +1 helmet of intelligence (worn)
Jewellery
 i - a +4 ring of strength
 t - a ring of wizardry (left hand)
 Q - a +4 ring of intelligence (right hand)
Wands
 u - a wand of acid (24)
 O - a wand of iceblast (7)
 P - a wand of clouds (3)
Scrolls
 e - 2 scrolls of enchant weapon
 g - a scroll of teleportation
 j - 2 scrolls of magic mapping
 k - a scroll of silence {unknown}
 l - 2 scrolls of enchant armour
 p - a scroll of fear
 v - a scroll of torment {unknown}
 w - a scroll of remove curse
 B - 3 scrolls of identify
 D - a scroll of amnesia
 E - a scroll of random uselessness {unknown}
 F - 2 scrolls of noise
Potions
 m - 3 potions of curing
 n - a potion of might
 o - a potion of resistance
 r - 2 potions of brilliance
 s - 2 potions of magic
 z - 2 potions of haste
 A - a potion of mutation
 C - a potion of heal wounds
 H - 2 potions of cancellation
 I - 2 potions of ambrosia {unknown}
 K - 2 potions of lignification
 L - a potion of flight {unknown}
Books
 x - a book of Minor Magic

   Spells                             Type                      Level
   a - Magic Dart                     Conjuration                  1
   b - Blink                          Translocation                2
   c - Call Imp                       Summoning                    2
   d - Slow                           Hexes                        2
   e - Conjure Flame                  Conjuration/Fire             3
   f - Mephitic Cloud                 Conjuration/Poison/Air       3
 G - a book of Maledictions

   Spells                             Type                      Level
   a - Corona                         Hexes                        1
   b - Ensorcelled Hibernation        Hexes/Ice                    2
   c - Confuse                        Hexes                        3
   d - Tukima's Dance                 Hexes                        3
   e - Dazzling Spray                 Conjuration/Hexes            3
 J - Sif Muna's Volume of Displacement
   (You found it on level 4 of the Dungeon)

   Spells                             Type                      Level
   a - Apportation                    Translocation                1
 M - the Papyrus of Lightness

   Spells                             Type                      Level
   a - Shock                          Conjuration/Air              1
   b - Static Discharge               Conjuration/Air              3
Comestibles
 f - 21 rations
 T - 16 chunks of flesh


   Skills:
 + Level 7.2 Fighting
 + Level 6.7 Short Blades
 + Level 6.7 Long Blades
 + Level 7.2 Axes
 + Level 6.7 Maces & Flails
 + Level 6.7 Polearms
 + Level 6.7 Staves
 + Level 6.7 Slings
 + Level 6.7 Bows
 + Level 6.7 Crossbows
 + Level 7.2 Throwing
 + Level 7.2 Armour
 + Level 6.7 Dodging
 + Level 6.7 Stealth
 + Level 7.2 Shields
 + Level 6.7 Unarmed Combat
 + Level 8.4 Spellcasting
 + Level 5.5 Conjurations
 + Level 5.5 Hexes
 + Level 5.5 Charms
 + Level 5.5 Summonings
 + Level 5.5 Necromancy
 + Level 5.5 Translocations
 + Level 5.5 Transmutations
 + Level 6.8 Fire Magic
 + Level 5.5 Ice Magic
 + Level 6.0 Air Magic
 + Level 5.5 Earth Magic
 + Level 5.5 Poison Magic
 + Level 7.3 Invocations
 + Level 6.7 Evocations


You had 9 spell levels left.
You knew the following spells:

 Your Spells              Type           Power        Failure   Level  Hunger
a - Magic Dart            Conj           ####         1%          1    None
b - Blink                 Tloc           N/A          1%          2    None
c - Conjure Flame         Conj/Fire      #####...     1%          3    None
d - Mephitic Cloud        Conj/Pois/Air  #####...     1%          3    None
e - Confuse               Hex            #####...     1%          3    None
f - Apportation           Tloc           #####.       1%          1    None
g - Fulminant Prism       Conj/Hex       #####.....   1%          4    #......


Dungeon Overview and Level Annotations

Branches:
Dungeon (10/15)            Temple (1/1) D:5             Orc (2/2) D:9
   Lair: D:8-11         Elf: Orc:2

Altars:
Ashenzari
Cheibriados
Dithmenos
Elyvilon
Fedhas
Gozag
Hepliaklqana
Kikubaaqudgha
Makhleb
Nemelex Xobeh
Okawaru
Qazlal
Ru
Sif Muna
Trog
Uskayaw
Vehumet
Wu Jian
Xom
Yredelemnul
Zin
The Shining One
Beogh

Shops:
D:7 [   D:8 }   D:9 *

Annotations:
D:5 5 runed doors
D:9 exclusion: ice statue
Orc:1 1 transporter


Innate Abilities, Weirdness & Mutations

Your experience applies equally to all skills.
You have very sharp teeth.
Your uncanny sense of smell can sniff out nearby items.


Message History

The two-headed ogre is heavily wounded.
The two-headed ogre barely misses you.
The two-headed ogre hits you with a giant club!
The orc wizard hits you but does no damage.
The orc wizard barely misses you.
Unknown command.
Okay, then.
Unknown command.
Casting: Blink
Confirm with . or Enter, or press ? or * to list all spells.
You blink.
Unknown command.
Casting: Blink
Confirm with . or Enter, or press ? or * to list all spells.
Aiming: Confuse
Press: ? - help, Shift-Dir - straight line, f - ettin
Aim: an ettin, wielding a dire flail and a great mace (chance to defeat MR: 51%)
The ettin resists with significant effort.
The ettin closely misses you. The ettin hits you with a great mace!!!
You die...

............##.[.)#.#. #......
............##o#.)...". #......
............##)##!8$8=# #......
...........©##©#}}[_[.. #©.....
...[........##O##?8$8$# #......
......#.....##o#....... ∆ #......
.#.)........##....#.#.. #......
##)[........##..C#####.. #......
#...#.......###.@....... #......
#...........############ ##......
.............#############.......
...................##..........#.
....##.............##...#........
##.######......#....#............
#### ##.........[)............
#........##.#............
##......#######..........


You could see an ettin, a two-headed ogre and an orc wizard.

Vanquished Creatures
  An orc warlord (Orc:1)
  An ettin (Orc:1)
  4 two-headed ogres
  An orc high priest (Orc:1)
  2 orc sorcerers (Orc:1)
  A cyclops (D:8)
  A queen bee (D:8)
  A hippogriff (D:7)
  3 yaks (D:9)
  A wraith (D:7)
  Grum (D:9)
  2 wyverns
  A hungry ghost (D:8)
  Menkaure (D:7)
  An ice beast (D:8)
  7 orc warriors
  3 sky beasts
  A phantom (D:7)
  A black bear (D:6)
  5 ogres
  2 wolves (D:9)
  5 centaurs
  2 big kobolds
  3 bullfrogs
  An elf skeleton (D:7)
  4 scorpions
  18 killer bees
  10 wights
  An electric eel (D:9)
  5 howler monkeys
  3 crimson imps
  A centaur zombie (D:7)
  15 orc priests
  A bullfrog zombie (D:9)
  3 jellies
  A gnoll shaman (D:7)
  4 hounds
  A human skeleton (D:7)
  4 human zombies (D:7)
  2 bullfrog skeletons
  An iguana (D:7)
  15 orc wizards
  6 worker ants
  An ogre skeleton (D:7)
  A hound zombie (D:8)
  A hound skeleton (D:5)
  2 mummies (D:7)
  7 gnolls
  17 adders
  A howler monkey skeleton (D:8)
  A shadow imp (D:7)
  6 ufetubi (D:9)
  An ooze (D:3)
  An adder skeleton (D:7)
  2 adder zombies (D:8)
  2 worms (D:2)
  3 dart slugs
  6 leopard geckos
  54 orcs
  6 bats
  4 giant cockroaches
  6 goblins
  2 hobgoblins
  17 jackals
  6 quokkas
  A ball python skeleton (D:4)
  3 frilled lizards
  A jackal skeleton (D:5)
  27 kobolds
  An orc skeleton (D:7)
  A quokka skeleton (D:5)
  A quokka zombie (D:8)
  5 rats
334 creatures vanquished.

Vanquished Creatures (others)
  2 orc wizards
  4 fulminant prisms (D:9)
6 creatures vanquished.

Grand Total: 340 creatures vanquished

Notes
Turn   | Place    | Note
-------+----------+-------------------------------------------
     0 | D:1      | omnomnOMINOUS the Gnoll Wanderer began the quest for the Orb.
     0 | D:1      | omnomnOMINOUS set off with: a book of Minor Magic, a +0 hand axe, the Papyrus of Lightness, a +0 robe, a ration
     0 | D:1      | Reached XP level 1. HP: 17/17 MP: 6/6
     0 | D:1      | Identified the Papyrus of Lightness
   281 | D:1      | Reached XP level 2. HP: 15/23 MP: 7/7
   807 | D:1      | Learned a level 1 spell: Magic Dart
   810 | D:1      | Learned a level 2 spell: Blink
  1362 | D:2      | Reached XP level 3. HP: 20/28 MP: 9/9
  1452 | D:2      | Learned a level 3 spell: Conjure Flame
  1456 | D:2      | Learned a level 3 spell: Mephitic Cloud
  1532 | D:2      | Found a glowing golden altar of the Shining One.
  1628 | D:2      | Reached skill level 5 in Spellcasting
  2222 | D:2      | Reached skill level 1 in Invocations
  2698 | D:3      | Reached skill level 1 in Short Blades
  2698 | D:3      | Reached skill level 1 in Long Blades
  2698 | D:3      | Reached skill level 1 in Maces & Flails
  2698 | D:3      | Reached skill level 1 in Polearms
  2698 | D:3      | Reached skill level 1 in Staves
  2698 | D:3      | Reached skill level 1 in Slings
  2698 | D:3      | Reached skill level 1 in Bows
  2698 | D:3      | Reached skill level 1 in Crossbows
  2698 | D:3      | Reached skill level 1 in Dodging
  2698 | D:3      | Reached skill level 1 in Stealth
  2698 | D:3      | Reached skill level 1 in Unarmed Combat
  2698 | D:3      | Reached skill level 1 in Evocations
  2749 | D:3      | Reached XP level 4. HP: 23/34 MP: 3/11
  3184 | D:3      | Reached skill level 1 in Conjurations
  3184 | D:3      | Reached skill level 1 in Hexes
  3184 | D:3      | Reached skill level 1 in Charms
  3184 | D:3      | Reached skill level 1 in Summonings
  3184 | D:3      | Reached skill level 1 in Necromancy
  3184 | D:3      | Reached skill level 1 in Translocations
  3184 | D:3      | Reached skill level 1 in Transmutations
  3184 | D:3      | Reached skill level 1 in Ice Magic
  3184 | D:3      | Reached skill level 1 in Earth Magic
  3184 | D:3      | Reached skill level 1 in Poison Magic
  3225 | D:3      | Reached XP level 5. HP: 35/40 MP: 8/12
  3846 | D:4      | Reached XP level 6. HP: 18/47 MP: 13/13
  4503 | D:4      | Learned a level 3 spell: Confuse
  4551 | D:3      | Reached XP level 7. HP: 33/52 MP: 15/15
  4807 | D:4      | Found a deep blue altar of Sif Muna.
  4870 | D:4      | Identified Sif Muna's Volume of Displacement
  4874 | D:4      | Learned a level 1 spell: Apportation
  5043 | D:5      | Entered Level 5 of the Dungeon
  5047 | D:5      | Found a shimmering altar of Xom.
  5070 | D:5      | Found a hide-covered altar of Uskayaw.
  5070 | D:5      | Found an ornate altar of the Wu Jian Council.
  5088 | D:5      | Found an ancient bone altar of Kikubaaqudgha.
  5277 | D:5      | Reached XP level 8. HP: 33/60 MP: 12/16
  5543 | D:5      | Found a staircase to the Ecumenical Temple.
  5616 | Temple   | Entered the Ecumenical Temple
  5645 | Temple   | Became a worshipper of Vehumet
  5787 | D:5      | Found the +9 staff of Olgreb {rPois}
  5794 | D:5      | Found a runed gate.
  5795 | D:5      | Found a runed door.
  5806 | D:5      | Found a runed gate.
  5806 | D:5      | Found a runed gate.
  5814 | D:5      | Found a runed door.
  6141 | D:6      | Got a dazzling morningstar
  6142 | D:6      | Identified the +6 morningstar "Qooc" {crush, rElec Int+3} (You found it on level 6 of the Dungeon)
  6214 | D:6      | Reached skill level 6 in Spellcasting
  6709 | D:6      | Reached XP level 9. HP: 53/66 MP: 15/18
  6725 | D:6      | Reached skill level 5 in Fire Magic
  6855 | D:6      | Reached * piety under Vehumet
  6855 | D:6      | Offered knowledge of Sting by Vehumet.
  7837 | D:7      | Noticed Menkaure
  7860 | D:7      | Killed Menkaure
  7900 | D:7      | Reached skill level 5 in Fighting
  7900 | D:7      | Reached skill level 5 in Axes
  7900 | D:7      | Reached skill level 5 in Throwing
  7900 | D:7      | Reached skill level 5 in Armour
  7900 | D:7      | Reached skill level 5 in Shields
  8244 | D:7      | Found Ikuweatu's Armour Shoppe.
  8382 | D:7      | Reached skill level 5 in Invocations
  8571 | D:7      | Offered knowledge of Flame Tongue by Vehumet.
  8582 | D:7      | Reached XP level 10. HP: 69/74 MP: 20/20
  8585 | D:7      | Reached ** piety under Vehumet
  8601 | D:7      | Found a basalt altar of Yredelemnul.
  8606 | D:7      | Reached skill level 7 in Spellcasting
  9494 | D:8      | Reached skill level 5 in Short Blades
  9494 | D:8      | Reached skill level 5 in Long Blades
  9494 | D:8      | Reached skill level 5 in Maces & Flails
  9494 | D:8      | Reached skill level 5 in Polearms
  9494 | D:8      | Reached skill level 5 in Staves
  9494 | D:8      | Reached skill level 5 in Slings
  9494 | D:8      | Reached skill level 5 in Bows
  9494 | D:8      | Reached skill level 5 in Crossbows
  9494 | D:8      | Reached skill level 5 in Dodging
  9494 | D:8      | Reached skill level 5 in Stealth
  9494 | D:8      | Reached skill level 5 in Unarmed Combat
  9494 | D:8      | Reached skill level 5 in Evocations
  9669 | D:8      | Noticed a two-headed ogre
  9684 | D:8      | Killed a two-headed ogre
 10228 | D:8      | Offered knowledge of Throw Frost by Vehumet.
 10256 | D:8      | Noticed a cyclops
 10668 | D:8      | Killed a cyclops
 10668 | D:8      | Reached skill level 5 in Air Magic
 11038 | D:8      | Reached *** piety under Vehumet
 11479 | D:8      | Offered knowledge of Ignite Poison by Vehumet.
 11601 | D:8      | Found Guaczigh's Gadget Emporium.
 12026 | D:9      | Reached XP level 11. HP: 61/82 MP: 22/22
 12395 | D:9      | Noticed a two-headed ogre
 12410 | D:9      | Killed a two-headed ogre
 12451 | D:9      | Reached **** piety under Vehumet
 12625 | D:9      | Found Vafeuqeh's Assorted Antiques.
 12663 | D:9      | Bought a bloodstained great sword for 195 gold pieces
 12663 | D:9      | Bought a scroll labeled MOCROP YNKOHEOG for 17 gold pieces
 12663 | D:9      | Bought a scroll labeled RURORCH BYNIU for 17 gold pieces
 12668 | D:9      | Identified the cursed +2 great sword of the Jolly Dances {flame, MR+ Str+3} (You bought it in a shop on level 9 of the Dungeon)
 12738 | D:9      | Noticed Grum
 12754 | D:9      | Offered knowledge of Fulminant Prism by Vehumet.
 12764 | D:9      | Killed Grum
 12764 | D:9      | Reached skill level 5 in Conjurations
 12764 | D:9      | Reached skill level 5 in Hexes
 12764 | D:9      | Reached skill level 5 in Charms
 12764 | D:9      | Reached skill level 5 in Summonings
 12764 | D:9      | Reached skill level 5 in Necromancy
 12764 | D:9      | Reached skill level 5 in Translocations
 12764 | D:9      | Reached skill level 5 in Transmutations
 12764 | D:9      | Reached skill level 5 in Ice Magic
 12764 | D:9      | Reached skill level 5 in Earth Magic
 12764 | D:9      | Reached skill level 5 in Poison Magic
 13134 | D:9      | Found a staircase to the Orcish Mines.
 13166 | D:9      | Reached skill level 8 in Spellcasting
 13220 | D:9      | Bought a shiny helmet for 127 gold pieces
 13774 | D:9      | Learned a level 4 spell: Fulminant Prism
 13885 | D:10     | Entered Level 10 of the Dungeon
 13890 | D:10     | Noticed a two-headed ogre
 13901 | D:10     | Killed a two-headed ogre
 13953 | Orc:1    | Entered Level 1 of the Orcish Mines
 14097 | Orc:1    | Found a transporter.
 14526 | Orc:1    | Found a bloodstained altar of Trog.
 14761 | Orc:1    | Noticed an orc sorcerer
 14761 | Orc:1    | Noticed an ettin
 14761 | Orc:1    | Noticed a two-headed ogre
 14761 | Orc:1    | Noticed an orc sorcerer
 14761 | Orc:1    | Found a roughly hewn altar of Beogh.
 14762 | Orc:1    | Noticed a two-headed ogre
 14762 | Orc:1    | Noticed an orc warlord
 14764 | Orc:1    | Noticed an ettin
 14765 | Orc:1    | Noticed an orc high priest
 14767 | Orc:1    | Killed an ettin
 14769 | Orc:1    | Killed an orc sorcerer
 14773 | Orc:1    | Killed an orc warlord
 14782 | Orc:1    | Killed a two-headed ogre
 14788 | Orc:1    | Killed an orc sorcerer
 14800 | Orc:1    | Found a transporter.
 15063 | Orc:2    | Entered Level 2 of the Orcish Mines
 15186 | Orc:1    | Killed an orc high priest
 15192 | Orc:1    | Mangled by an ettin

Skill      XL: |  1  2  3  4  5  6  7  8  9 10 11 |
---------------+----------------------------------+-----
Air Magic      | 2 3 4 5 6 |  6.0
Spellcasting   | 5 6 7 8 |  8.4
Invocations    | 1 2 3 4 5 6 7 |  7.3
Short Blades   | 1 2 3 4 5 6 |  6.7
Long Blades    | 1 2 3 4 5 6 |  6.7
Maces & Flails | 1 2 3 4 5 6 |  6.7
Polearms       | 1 2 3 4 5 6 |  6.7
Staves         | 1 2 3 4 5 6 |  6.7
Slings         | 1 2 3 4 5 6 |  6.7
Bows           | 1 2 3 4 5 6 |  6.7
Crossbows      | 1 2 3 4 5 6 |  6.7
Dodging        | 1 2 3 4 5 6 |  6.7
Stealth        | 1 2 3 4 5 6 |  6.7
Unarmed Combat | 1 2 3 4 5 6 |  6.7
Evocations     | 1 2 3 4 5 6 |  6.7
Conjurations   | 1 2 3 4 5 |  5.5
Hexes          | 1 2 3 4 5 |  5.5
Charms         | 1 2 3 4 5 |  5.5
Summonings     | 1 2 3 4 5 |  5.5
Necromancy     | 1 2 3 4 5 |  5.5
Translocations | 1 2 3 4 5 |  5.5
Transmutations | 1 2 3 4 5 |  5.5
Ice Magic      | 1 2 3 4 5 |  5.5
Earth Magic    | 1 2 3 4 5 |  5.5
Poison Magic   | 1 2 3 4 5 |  5.5
Fighting       | 3 4 5 6 7 |  7.2
Axes           | 3 4 5 6 7 |  7.2
Throwing       | 3 4 5 6 7 |  7.2
Armour         | 3 4 5 6 7 |  7.2
Shields        | 3 4 5 6 7 |  7.2
Fire Magic     | 4 5 6 |  6.8

Action                   |  1- 3 |  4- 6 |  7- 9 | 10-12 || total
-------------------------+-------+-------+-------+-------++-------
Melee: Hand axe          |   105 |    19 |       |       ||   124
       Bite              |     7 |    20 |    33 |    44 ||   104
       Punch             |     1 |       |       |     4 ||     5
       Whip              |       |   131 |   134 |    97 ||   362
       Morningstar       |       |       |   209 |   386 ||   595
 Cast: Magic Dart        |    59 |    35 |     3 |    46 ||   143
       Mephitic Cloud    |     2 |     1 |     2 |    14 ||    19
       Blink             |       |       |     3 |     2 ||     5
       Confuse           |       |       |    25 |    23 ||    48
       Fulminant Prism   |       |       |       |     4 ||     4
Evoke: Wand              |       |       |     1 |       ||     1
  Use: Scroll            |     4 |       |     1 |    15 ||    20
       Potion            |       |     2 |       |     4 ||     6
 Stab: Sleeping          |     1 |     1 |       |     1 ||     3
       Confused          |     2 |     1 |     4 |    15 ||    22
       Fleeing           |       |       |       |     1 ||     1
  Eat: Chunk             |     5 |     7 |    13 |    22 ||    47
Armor: Robe              |    36 |    11 |       |       ||    47
       Scale mail        |       |    23 |   106 |   248 ||   377
Dodge: Dodged            |    91 |    78 |   143 |   425 ||   737
Block: Buckler           |       |    16 |    64 |   102 ||   182
